 Dungeon Crawl Stone Soup version 0.28-a0-794-gafe8c5f9e9 (webtiles) character file.

Game seed: 9522295164401426583

15732 siradein the Fighter (level 12, -4/162 HPs)
             Began as a Minotaur Berserker on Nov 5, 2021.
             Was an Elder of Trog.
             Engulfed by a cloud of flame (10 damage)
             ... in a volcano.
             The game lasted 00:38:26 (14255 turns).

siradein the Fighter (Minotaur Berserker)          Turns: 14255, Time: 00:38:27

Health: -4/162     AC: 15    Str: 22    XL:     12   Next: 3%
Magic:  11/11      EV: 16    Int:  7    God:    Trog [****..]
Gold:   529        SH:  6    Dex: 15    Spells: 11/11 levels left

rFire   . . .      SeeInvis .   L - +1 scimitar (flame)
rCold   . . .      Faith    +   I - +0 buckler
rNeg    . . .      Spirit   .   G - +1 troll leather armour
rPois   .          Reflect  .   P - +0 hat {Will+}
rElec   .          Harm     .   x - +0 cloak
rCorr   .          Rampage  .   v - +0 pair of gloves
Will    ++++.                   e - +0 pair of boots
Stlth   ..........              d - amulet of faith
HPRegen 2.37/turn               g - ring "Rurin" {Will+ AC+4 Int+3}
MPRegen 0.12/turn               (no ring)

@: berserking, strong-willed, regenerating, very quick
A: horns 2, retaliatory headbutt
a: Renounce Religion, Berserk, Trog's Hand, Brothers in Arms


You were in a volcano.
You worshipped Trog.
Trog was greatly pleased with you.
You visited 2 branches of the dungeon, and saw 13 of its levels.
You also visited: Volcano.

You collected 683 gold pieces.
You spent 154 gold pieces at shops.

Inventory:

Hand Weapons
 n - a +2 hunting sling of flaming
 L - a +1 scimitar of flaming (weapon)
Missiles
 c - 109 sling bullets
 j - 38 poisoned darts (quivered)
 o - 293 stones
 t - 3 throwing nets
 R - 4 javelins
Armour
 e - a +0 pair of boots (worn)
 v - a +0 pair of gloves (worn)
 x - a +0 cloak (worn)
 G - a +1 troll leather armour (worn)
 I - a +0 buckler (worn)
 P - a +0 hat of willpower (worn)
 S - a +1 ring mail of poison resistance
Jewellery
 d - an amulet of faith (around neck)
 g - the ring "Rurin" (left hand) {Will+ AC+4 Int+3}
   (You acquired it on level 2 of the Lair of Beasts)

   [ring of protection]

   AC:        It affects your AC (+4).
   Int:       It affects your intelligence (+3).
   Will:      It increases your willpower.
 s - a ring of magical power
 H - an amulet of guardian spirit
 M - an amulet of regeneration
Wands
 B - a wand of polymorph (4)
 D - a wand of iceblast (23)
 F - a wand of flame (21)
 J - a wand of mindburst (11)
 K - a wand of acid (14)
 T - a wand of charming (14)
Scrolls
 k - 4 scrolls of immolation
 l - 5 scrolls of teleportation {unknown}
 u - 4 scrolls of enchant weapon
 y - 2 scrolls of brand weapon {unknown}
 E - 2 scrolls of fog
 N - a scroll of holy word
 Q - a scroll of amnesia {unknown}
Potions
 a - a potion of cancellation {unknown}
 b - 2 potions of invisibility {unknown}
 f - 2 potions of brilliance {unknown}
 i - 2 potions of mutation {unknown}
 m - 9 potions of curing {unknown}
 p - a potion of attraction {unknown}
 q - 6 potions of resistance {unknown}
 r - 2 potions of might {unknown}
 w - 5 potions of flight {unknown}
 z - 5 potions of degeneration {unknown}
 A - 3 potions of heal wounds {unknown}
 C - 2 potions of lignification {unknown}
 O - a potion of haste {unknown}


   Skills:
 + Level 10.8 Fighting
 + Level 10.7 Long Blades
 + Level 9.0 Slings
 + Level 10.3 Armour
 + Level 9.6 Dodging
 + Level 7.6 Shields


You had 11 spell levels left.
You didn't know any spells.
Your spell library was empty.

Dungeon Overview and Level Annotations

Branches:
Dungeon (11/15)            Temple (0/1) D:4            Lair (2/6) D:8
Volcano (1/1)
  Swamp: Lair:2-4    Shoals: Lair:2-4     Snake: Lair:2-4    Spider: Lair:2-4
    Orc: D:9-12

Altars:
Dithmenos
Fedhas
Hepliaklqana
Okawaru
Qazlal
Ru
Sif Muna
Yredelemnul
The Shining One

Shops:
D:2 *([:   D:8 *[


Innate Abilities, Weirdness & Mutations

You have a pair of horns on your head.
You reflexively headbutt those who attack you in melee.


Message History

You are engulfed in blazing flames.
The fire elemental barely misses you. x2
You hit the fire elemental but do no damage.
You headbutt the fire elemental.
The fire elemental is severely damaged.
You are engulfed in blazing flames.
The fire elemental closely misses you. You furiously retaliate!
You headbutt the fire elemental. You slash the fire elemental!
You destroy the fire elemental!
Trog accepts your kill.
No reachable target in view!
No reachable target in view!
The fire elemental hits you. The fire elemental burns you!
You hit the fire elemental but do no damage.
The fire elemental hits you. The fire elemental burns you!
You closely miss the fire elemental. The fire elemental hits you.
The fire elemental burns you!
You are too injured to fight recklessly!
You are too injured to fight recklessly!
You are too injured to fight recklessly!
Your skin crawls.
You feel strong-willed. The fire elemental barely misses you.
You closely miss the fire elemental.
You are engulfed in blazing flames.
The fire elemental closely misses you. You furiously retaliate!
You headbutt the fire elemental, but do no damage.
You are engulfed in blazing flames.
* * * LOW HITPOINT WARNING * * *
The fire elemental hits you. The fire elemental burns you!
* * * LOW HITPOINT WARNING * * *
Why would you want to do that?
Okay, then.
Okay, then.
A red film seems to cover your vision as you go berserk!
You feel yourself moving faster!
You feel mighty!
You are engulfed in blazing flames.
* * * LOW HITPOINT WARNING * * *
The fire elemental closely misses you.
You feel a strong urge to attack something.
You are engulfed in blazing flames.
You die...

.≈§§§§≈
#≈≈≈≈≈≈.#
.≈≈≈§§v
#kk≈≈≈≈..
#..≈§≈≈
#≈≈≈≈..# #.☼§§
#.≈...#
#☼§###..#
#☼#'###
##E#.##
##☼☼##.##
##@§≈≈##.##
###☼.≈≈≈###.##
#☼☼.≈≈☼☼≈##..#
###.≈≈≈☼###.##
##.≈≈≈##.##
###)###'##
#...##..)##
##..)......##
#...∩...∩...#


You could see a fire elemental.

Vanquished Creatures
  A boulder beetle (D:9)
  A hydra (Lair:2)
  2 two-headed ogres
  A lindwurm (Lair:2)
  An ugly thing (D:11)
  2 molten gargoyles (Volcano)
  2 komodo dragons
  An efreet (Volcano)
  A hornet (D:10)
  4 trolls
  Prince Ribbit (D:5)
  Sigmund (D:4)
  A wyvern (Lair:1)
  3 fire elementals (Volcano)
  24 yaks
  A basilisk (D:11)
  Grum (D:9)
  2 steam dragons
  Duvessa (D:5)
  3 water moccasins
  An ice beast (D:4)
  4 necrophages
  2 ogres (D:3)
  2 sky beasts
  10 wolves
  14 centaurs
  2 phantoms
  The ghost of ytrimaz the Grave Robber, an amateur DsNe (D:3)
  A gnoll sergeant (D:7)
  6 bullfrogs
  5 scorpions
  An earth elemental (Volcano)
  Dowan (D:5)
  5 killer bees (D:10)
  A wight (D:9)
  A howler monkey (D:5)
  An electric eel (D:11)
  A bullfrog zombie (D:5)
  A centaur zombie (D:8)
  4 hounds
  A gnoll shaman (D:4)
  3 orc priests
  Crazy Yiuf (D:5)
  3 iguanas
  4 orc wizards
  A howler monkey zombie (D:6)
  9 gnolls
  10 adders
  A shadow imp (D:3)
  2 white imps
  A worm (D:2)
  2 dart slugs
  17 orcs
  13 bats
  5 endoplasms
  A giant cockroach (D:3)
  5 goblins
  8 hobgoblins
  4 jackals (D:1)
  4 kobolds
  5 quokkas
  6 ball pythons
  6 frilled lizards
  6 rats
236 creatures vanquished.

Vanquished Creatures (others)
  4 fungi
  13 plants
17 creatures vanquished.

Grand Total: 253 creatures vanquished

Notes
Turn   | Place    | Note
-------+----------+-------------------------------------------
     0 | D:1      | siradein the Minotaur Berserker began the quest for the
                  | Orb.
     0 | D:1      | Reached XP level 1. HP: 19/19 MP: 0/0
   263 | D:1      | Reached XP level 2. HP: 20/27 MP: 1/1
   826 | D:1      | Reached ** piety under Trog
   840 | D:1      | Reached XP level 3. HP: 32/33 MP: 2/2
  1315 | D:2      | Found Lytius's Book Shoppe.
  1467 | D:2      | Found Issebaom's Weapon Shop.
  1479 | D:2      | Found Okoebun's Assorted Antiques.
  1616 | D:2      | Found a faded altar of an unknown god.
  1982 | D:2      | Reached XP level 4. HP: 40/40 MP: 3/3
  2116 | D:2      | Found Kasuunn's Antique Armour Shoppe.
  2357 | D:3      | Reached skill level 1 in Slings
  2572 | D:3      | Found a hazy altar of Hepliaklqana.
  2572 | D:3      | Found a sacrificial altar of Ru.
  2573 | D:3      | Found a shadowy altar of Dithmenos.
  2833 | D:3      | Reached *** piety under Trog
  2881 | D:3      | Found a transporter.
  2885 | D:3      | Noticed ytrimaz's ghost (amateur DsNe)
  2885 | D:3      | Noticed an ogre
  2886 | D:3      | Found a transporter.
  2889 | D:3      | Noticed an ogre
  3059 | D:4      | Found a staircase to the Ecumenical Temple.
  3072 | D:4      | Reached XP level 5. HP: 43/47 MP: 4/4
  3669 | D:4      | Noticed an ice beast
  3675 | D:4      | Killed an ice beast
  3676 | D:4      | Reached skill level 5 in Fighting
  3676 | D:4      | Reached skill level 5 in Long Blades
  3676 | D:4      | Reached XP level 6. HP: 56/56 MP: 5/5
  3701 | D:4      | Noticed Sigmund
  3709 | D:4      | Killed Sigmund
  3710 | D:4      | Reached XP level 7. HP: 61/61 MP: 6/6
  3939 | D:4      | Found a shimmering blue altar of Sif Muna.
  4210 | D:5      | Entered Level 5 of the Dungeon
  4210 | D:5      | Found a stormy altar of Qazlal.
  4210 | D:5      | Found a blossoming altar of Fedhas.
  4261 | D:5      | Reached skill level 5 in Armour
  4732 | D:5      | Reached skill level 5 in Dodging
  4755 | D:5      | Noticed Duvessa
  4759 | D:5      | Noticed Dowan
  4780 | D:5      | Killed Duvessa
  4781 | D:5      | Reached XP level 8. HP: 22/70 MP: 7/7
  4789 | D:5      | Killed Dowan
  5092 | D:5      | Noticed Prince Ribbit
  5112 | D:5      | Killed Prince Ribbit
  5558 | D:5      | Found a runed translucent door.
  5559 | D:5      | Noticed Crazy Yiuf
  5568 | D:5      | Killed Crazy Yiuf
  5875 | D:6      | Reached skill level 5 in Slings
  6059 | D:6      | Reached **** piety under Trog
  6248 | D:6      | Reached XP level 9. HP: 79/79 MP: 8/8
  6958 | D:7      | Found a glowing golden altar of the Shining One.
  7352 | D:7      | Identified a scroll of acquirement
  7394 | D:8      | Reached skill level 1 in Shields
  7456 | D:8      | Found Pienurex's Armour Shop.
  7582 | D:8      | Found Emoixu's Serpentskin Sales.
  8005 | D:8      | Found a staircase to the Lair.
  8006 | D:8      | Noticed a komodo dragon
  8021 | D:8      | Killed a komodo dragon
  8115 | D:8      | Identified the +4 glaive of Huenn {flame, rN+ Str-5 Int+2
                  | SInv}
  8776 | D:8      | Noticed a troll
  8786 | D:8      | Killed a troll
  9050 | D:9      | Noticed Grum
  9060 | D:9      | Killed Grum
  9065 | D:9      | Reached XP level 10. HP: 47/90 MP: 9/9
  9149 | D:9      | Noticed a two-headed ogre
  9157 | D:9      | Killed a two-headed ogre
  9184 | D:9      | Noticed a boulder beetle
  9201 | D:9      | Killed a boulder beetle
  9488 | D:10     | Entered Level 10 of the Dungeon
  9610 | D:10     | Noticed a two-headed ogre
  9624 | D:10     | Killed a two-headed ogre
  9625 | D:10     | Reached skill level 5 in Shields
  9767 | D:10     | Found an iron altar of Okawaru.
  9804 | D:10     | Reached XP level 11. HP: 82/97 MP: 10/10
 10627 | D:3      | Reached skill level 10 in Fighting
 10640 | D:3      | Killed ytrimaz's ghost
 10819 | D:2      | Bought a glowing hat for 154 gold pieces
 11594 | D:11     | Noticed a red ugly thing
 11603 | D:11     | Killed a red ugly thing
 11607 | D:11     | Reached skill level 10 in Long Blades
 11790 | Lair:1   | Entered Level 1 of the Lair of Beasts
 12950 | Lair:1   | Reached skill level 10 in Armour
 13490 | Lair:2   | Noticed a four-headed hydra
 13491 | Lair:2   | Acquired the ring "Rurin" {Will+ AC+4 Int+3}
 13710 | Lair:2   | Found a basalt altar of Yredelemnul.
 13760 | Lair:2   | Killed a four-headed hydra
 13853 | Lair:2   | Found a dark tunnel.
 13854 | Lair:2   | Noticed a lindwurm
 13875 | Lair:2   | Killed a lindwurm
 13912 | Volcano  | Entered a volcano
 14069 | Volcano  | Reached XP level 12. HP: 39/108 MP: 11/11
 14254 | Volcano  | HP: 4/162 [something (19)]
 14255 | Volcano  | Engulfed by a cloud of flame

Illustrated notes

Levels and vault maps discovered:
D:1:      nagdon_arrival_zigzag_paths, layout_basic,
          chequers_serial_rivers_small_b
D:2:      layout_basic, serial_shops, nicolae_square_shop, shop,
          nicolae_shop_trees, nicolae_shop_overgrown_old_shop,
          dreamdust_ecumenical_altar_hidden_monk_grotto
D:3:      layout_basic, chequers_temple_overflow_statue_of_worship,
          gammafunk_ghost_smash
D:4:      layout_basic, general_overflow_altar, minmay_temple_entry_overgrown,
          uniq_sigmund
D:5:      layout_cave_pools, grunt_temple_overflow_forces_of_nature,
          grunt_ministairs_11, nrook_uturn, uniq_crazy_yiuf_cottage,
          uniq_duvessa, uniq_prince_ribbit1
D:6:      layout_basic
D:7:      layout_gridville, mainiacjoe_overflow_chevrons
D:8:      old_forge, layout_loops_corners, david_lair_shrubbed, serial_shops,
          nicolae_shop_statue_plus, eino_tiny_chamber, guppyfry_shop_venom
D:9:      layout_rooms, kennysheep_generic_room_4, uniq_grum
D:10:     layout_basic, okawaru_trees_1
D:11:     layout_basic
Lair:1:   layout_cave_pods
Lair:2:   layout_cave_pods, elwin_shoals_entry_rocks,
          guppyfry_snake_entry_garden, basic_altar,
          nicolae_volcano_entry_vermiform, grunt_megastairs_2
Volcano:  volcano_aerie

Skill      XL: |  1  2  3  4  5  6  7  8  9 10 11 12 |
---------------+-------------------------------------+-----
Fighting       | 4 5 6 7 8 9 10 | 10.8
Long Blades    | 4 5 6 7 8 9 10 | 10.7
Armour         | 3 4 5 6 7 9 10 | 10.3
Dodging        | 3 4 5 6 7 8 9 |  9.6
Slings         | 1 2 3 4 5 6 7 8 9 |  9.0
Shields        | 3 5 7 |  7.6

Action                   |  1- 3 |  4- 6 |  7- 9 | 10-12 || total
-------------------------+-------+-------+-------+-------++-------
Melee: Falchion          |    89 |   103 |   314 |    42 ||   548
       Headbutt          |    14 |    14 |    65 |   110 ||   203
       Long sword        |       |       |       |   367 ||   367
       Scimitar          |       |       |       |    14 ||    14
 Fire: Hunting sling     |       |     4 |       |    15 ||    19
Invok: Trog's Hand       |       |     2 |     7 |    14 ||    23
       Berserk           |       |     2 |     6 |     9 ||    17
  Use: Scroll            |       |       |     8 |     3 ||    11
Armor: Ring mail         |    18 |       |    37 |    47 ||   102
       Animal skin       |     1 |       |       |       ||     1
       Chain mail        |    27 |    70 |   101 |       ||   198
       Skin              |       |       |    14 |       ||    14
       Troll leather arm |       |       |    22 |   118 ||   140
       Steam dragon scal |       |       |     1 |       ||     1
Dodge: Dodged            |    75 |    44 |   170 |   323 ||   612
Block: Buckler           |       |       |    31 |   117 ||   148

Table legend: (Time is in decaauts)
 A = Elapsed time spent in this place.
 B = Non-inter-level travel time spent in this place.
 C = Inter-level travel time spent in this place.
 D = Time resting spent in this place.
 E = Time spent auto-exploring this place.
 F = Levels seen in this place.
 G = Mean time per level.
                   A        B        C        D        E       F      G
               +--------+--------+--------+--------+--------+-----+--------+
         Total |  14367 |  13092 |   1275 |    724 |   9944 |  14 | 1026.2 |
       Dungeon |  12041 |  10829 |   1212 |    618 |   8509 |  11 | 1094.6 |
          Lair |   1970 |   1907 |     63 |      0 |   1289 |   2 |  985.0 |
       Volcano |    354 |    354 |      0 |    106 |    146 |   1 |  354.0 |
               +--------+--------+--------+--------+--------+-----+--------+

Top non-repeatable levels by time:
     D:8: 1737 daAuts
  Lair:1: 1579 daAuts
     D:5: 1459 daAuts
     D:2: 1344 daAuts
     D:4: 1220 daAuts
     D:1: 1216 daAuts
     D:6: 1203 daAuts
    D:11: 1046 daAuts
     D:3: 844 daAuts
    D:10: 715 daAuts
     D:7: 646 daAuts
     D:9: 607 daAuts
  Lair:2: 390 daAuts
 Volcano: 354 daAuts
